Cogmind - Beta 9.1 @@@ ROGUE MODE // 2019.10.30 @ 18:31:43 Player: 3.14 Result: Destroyed by as-05754 with Assembled Heavy Rifle Performance ------------- Evolutions (0) 0 Regions Visited (2) 400 Robots Destroyed (12) 60 Value Destroyed (150) 150 Prototype IDs (0) 0 Alien Tech Used (0) 0 Bonus (0) 0 TOTAL SCORE: 610 Bonus ------- None Cogmind --------- Core Integrity 0/250 Matter 300/300 Energy 100/100 System Corruption 2% Temperature Cool (0) Location -10/Mines Parts ------- Power (1) Propulsion (2) Light Treads Utility (2) Weapon (2) Inventory (4) Large Storage Unit High-capacity Battery (400) EM Pulse Gun Medium Laser Peak State ------------ Power Light Ion Engine Propulsion Light Treads Light Treads Utility Small Storage Unit Medium Storage Unit Weapon Medium Laser Light Assault Rifle Inventory Light Ion Engine Light Treads High-capacity Battery EM Pulse Gun EM Pulse Gun EM Pulse Gun Medium Laser Medium Laser Medium Laser Light Assault Rifle [Rating: 8] Favorites ----------- Power Light Ion Engine Engine Light Ion Engine Propulsion Light Treads Treads Light Treads Utility Small Storage Unit Storage Small Storage Unit Weapon EM Pulse Gun Energy Gun EM Pulse Gun Ballistic Gun Light Assault Rifle Build | -11 -10 -10 ------- Run | Scr Mat Min Slots Evolved . | . . . Power . | . . . Propulsion . | . . . Utility . | . . . Weapon . | . . . Parts Attached 14 | 8 5 1 Power 1 | 1 . . Engine 1 | 1 . . Core . | . . . Reactor . | . . . Propulsion 3 | 2 . 1 Treads 3 | 2 . 1 Leg . | . . . Wheel . | . . . Hover . | . . . Flight . | . . . Utility 5 | 2 3 . Device . | . . . Storage 5 | 2 3 . Processor . | . . . Hackware . | . . . Protection . | . . . Artifact . | . . . Weapon 5 | 3 2 . Energy Gun 4 | 2 2 . Energy Cannon . | . . . Ballistic Gun 1 | 1 . . Ballistic Cannon . | . . . Launcher . | . . . Special Weapon . | . . . Impact Weapon . | . . . Slashing Weapon . | . . . Piercing Weapon . | . . . Special Melee Weapon . | . . . Unidentified Prototypes . | . . . Parts Lost 4 | . . 4 Power 1 | . . 1 Propulsion 1 | . . 1 Utility . | . . . Weapon 2 | . . 2 Highest Loss Streak 4 | . . 4 Average Slot Usage (%) 96 | . 99 74 Engine 13 | . 14 7 Treads 27 | . 28 23 Storage 27 | . 28 21 Energy Gun 18 | . 18 20 Ballistic Gun 8 | . 9 . Naked Turns 2 | . . 2 Heaviest Build 55 | 14 55 55 Greatest Support 40 | 40 40 40 Greatest Overweight (x) 2 | . 1 2 Average Overweight (x) . | . . . Largest Inventory Capacity 18 | 8 18 18 Average Capacity 10 | 6 10 15 Most Carried 13 | 2 13 13 Average Carried 7 | 1 7 11 Final Capacity 18 | 8 18 4 Final Carried 13 | 2 13 4 Class Distribution -------------------- 100% | Mutant Dominant Class ---------------- Mutant | -10/Materials Mutant | -10/Mines Resources | -11 -10 -10 ----------- Run | Scr Mat Min Matter Collected 346 | 286 60 . Remotely . | . . . Salvage Created 516 | 71 445 . Parts 21 | 3 18 . Haulers Intercepted 2 | . 2 . Recyclers Shooed 5 | . 5 . Parts Field Recycled . | . . . Retrieved Matter . | . . . Parts Self-Destructed . | . . . Prevented . | . . . Kills | -11 -10 -10 ------- Run | Scr Mat Min Combat Hostiles Destroyed 5 | . 5 . Guns 5 | . 5 . Classes Destroyed 6 | 1 5 . Worker 1 | . 1 . Hauler 2 | . 2 . Recycler 3 | 1 2 . Watcher 1 | . 1 . Swarmer 3 | . 3 . Grunt 2 | . 2 . Best Kill Streak 3 | 1 3 . Combat Bots Only 3 | . 3 . Max Kills in Single Turn 1 | 1 1 . Gunslinging . | . . . Exploded . | . . . Melee . | . . . Uniques/NPCs Destroyed . | . . . Combat | -11 -10 -10 -------- Run | Scr Mat Min Damage Taken 901 | . 243 658 Core 260 | . 27 233 Absorbed by Shields . | . . . Core Remaining (%) 100 | 100 . . Volleys Fired 44 | 6 36 2 Largest 2 | 2 2 2 Hottest 80 | 70 80 80 Shots Fired 88 | 12 72 4 Gun 88 | 12 72 4 Cannon . | . . . Launcher . | . . . Special . | . . . Kinetic 36 | 6 30 . Thermal 36 | 6 30 . Explosive . | . . . Electromagnetic 16 | . 12 4 Robot Hit Streak 11 | 6 11 2 Robot Miss Streak 2 | 2 2 2 Penetration Max . | . . . Secondary Targets . | . . . Shots Hit Robots 63 | 8 53 2 Core Hits 24 | 2 18 4 Critical Hits 1 | . 1 . Critical Kills 1 | . 1 . Critical Parts Destroyed . | . . . Melee Attacks . | . . . Impact . | . . . Slashing . | . . . Piercing . | . . . Sneak Attacks . | . . . Combat Hostiles . | . . . Follow-up Attacks . | . . . Damage Inflicted 774 | 102 614 58 Guns 710 | 98 590 22 Cannons . | . . . Explosions 24 | . 24 . Melee . | . . . Ramming 40 | 4 . 36 Kinetic 190 | 35 155 . Thermal 402 | 63 339 . Explosive . | . . . Electromagnetic 142 | . 120 22 Impact . | . . . Slashing . | . . . Piercing . | . . . Highest Corruption 2 | . . 2 Average Corruption 2 | . . 2 Corruption Purged . | . . . Overload Shots . | . . . Overflow Damage . | . . . Projectiles . | . . . Explosions . | . . . Melee . | . . . Knockbacks . | . . . Impact . | . . . Kinetic . | . . . Secondary . | . . . Self-Inflicted Damage 6 | . . 6 Shots . | . . . Rammed 11 | 1 . 10 Targets Rammed 11 | 1 . 10 Kicked . | . . . Crushed . | . . . Highest Temperature 209 | 100 209 18 Average Temperature 71 | 54 77 12 Received Heat Transfer 184 | . 69 115 Siege Activations . | . . . Robots Corrupted . | . . . Combat Hostiles . | . . . Parts Fried 1 | . 1 . Impact Corruptions . | . . . Robots Melted . | . . . Combat Hostiles . | . . . Parts Melted 2 | . 2 . Heat Transferred 1110 | 185 925 . Parts Sabotaged . | . . . Parts Stolen . | . . . Parts Stripped . | . . . Power Chain Reactions 1 | . 1 . Missiles Intercepted . | . . . Alert | -11 -10 -10 ------- Run | Scr Mat Min Peak Influence 213 | 5 213 9 Average Influence 68 | 1 92 5 Maximum Alert Level 1 | . 1 . Low Security (%) 90 | . . . Level 1 9 | . . . Level 2 . | . . . Level 3 . | . . . Level 4 . | . . . Level 5 . | . . . High Security . | . . . Max Security . | . . . Squads Dispatched 2 | . 2 . Investigation 1 | . 1 . Extermination . | . . . Reinforcement 1 | . 1 . Assault . | . . . Garrison . | . . . Intercept . | . . . Construction Impeded . | . . . Haulers Reinforced . | . . . Stealth | -11 -10 -10 --------- Run | Scr Mat Min Distress Signals . | . . . Communications Jammed . | . . . Distress Signals . | . . . Times Spotted 21 | . 9 12 Peak Tracking Total 10 | . 4 10 Tactical Retreats 1 | . . 1 Traps | -11 -10 -10 ------- Run | Scr Mat Min Traps Triggered . | . . . Indirectly . | . . . Trap Hack Attempts . | . . . Triggered . | . . . Disarmed . | . . . Reprogrammed . | . . . Reused . | . . . Traps Extracted . | . . . Installed . | . . . Triggered . | . . . Machines | -11 -10 -10 ---------- Run | Scr Mat Min Machines Disabled . | . . . Max in Single Turn . | . . . Machines Sabotaged . | . . . Garrisons Compromised . | . . . Overloaded Fab Kills . | . . . Fab Network Shutdowns . | . . . Hacking | -11 -10 -10 --------- Run | Scr Mat Min Machines Accessed 3 | . 3 . Terminals 3 | . 3 . Fabricators . | . . . Repair Stations . | . . . Recycling Units . | . . . Scanalyzers . | . . . Garrison Access . | . . . Total Hacks 11 | . 11 . Successful 7 | . 7 . Failed 3 | . 3 . Catastrophic . | . . . Database Lockouts 1 | . 1 . Manual 10 | . 10 . Terminals 11 | . 11 . Fabricators . | . . . Repair Stations . | . . . Recycling Units . | . . . Scanalyzers . | . . . Garrison Access . | . . . Terminal Hacks 4 | . 4 . Part Schematic 1 | . 1 . Recall Investigation 1 | . 1 . Recall Reinforcements 1 | . 1 . Zone Layout 1 | . 1 . Fabricator Hacks . | . . . Repair Station Hacks . | . . . Recycling Unit Hacks . | . . . Scanalyzer . | . . . Garrison Access Hacks . | . . . Unauthorized Hacks 8 | . 8 . Terminals 3 | . 3 . Botnet 3 | . 3 . Fabricators . | . . . Repair Stations . | . . . Recycling Units . | . . . Scanalyzers . | . . . Garrison Access . | . . . Data Cores Recovered . | . . . Used . | . . . Hacking Detections 2 | . 2 . Full Trace Events . | . . . Feedback Events . | . . . Feedback Blocked . | . . . Robot Schematics Acquired . | . . . Robots Built . | . . . Matter . | . . . Time . | . . . Total Robot Build Rating . | . . . Part Schematics Acquired 1 | . 1 . Parts Built . | . . . Matter . | . . . Time . | . . . Total Part Build Rating . | . . . Parts Repaired . | . . . Time . | . . . Parts Recycled . | . . . Recycled Matter . | . . . Retrieved Matter . | . . . Retrieved Components . | . . . Parts Scanalyzed . | . . . Part Schematics Acquired . | . . . Parts Damaged . | . . . Bothacking | -11 -10 -10 ------------ Run | Scr Mat Min Used RIF Installer . | . . . Robots Hacked . | . . . Non-combat . | . . . Combat . | . . . Robot Hacks Applied . | . . . Relay Couplers Released . | . . . Robots Rewired . | . . . Allies Hacked . | . . . Hacks Repelled . | . . . Allies | -11 -10 -10 -------- Run | Scr Mat Min Total Allies . | . . . Largest Group . | . . . Highest-Rated Group . | . . . Highest-Rated Ally . | . . . Total Orders . | . . . Ally Attacks . | . . . Total Damage . | . . . Kills . | . . . Allies Corrupted . | . . . Allies Melted . | . . . Intel | -11 -10 -10 ------- Run | Scr Mat Min Robot Analysis Total . | . . . Derelict Logs Recovered 1 | . . 1 Drone Launches . | . . . Drone Recoveries . | . . . Exploration | -11 -10 -10 ------------- Run | Scr Mat Min Turns Passed 758 | 105 554 99 Spaces Moved 370 | 48 264 58 Core 27 | 3 . 24 Treads 343 | 45 264 34 Legs . | . . . Wheels . | . . . Hover . | . . . Flight . | . . . Fastest Speed 50 | 50 160 50 Average Speed 156 | 153 163 127 Slowest Speed 200 | 160 180 200 Overloaded Moves . | . . . Propulsion Burnouts . | . . . Robots Hopped . | . . . Cave-ins Triggered . | . . . Exploration Rate (%) 27 | 6 59 17 Regions Visited 2 Branch Regions 1 Pre-discovered Areas . | . . . Known Exits Taken . | . . . Unknown Exits Taken 2 | 1 1 . Scrap Searched . | . . . Spaces Dug . | . . . Terrain Destroyed 4 | . 4 . Melee . | . . . Projectile . | . . . AOE 4 | . 4 . Actions | -11 -10 -10 --------- Run | Scr Mat Min Total 463 | 64 322 77 Wait . | . . . Move 369 | 48 263 58 Hop . | . . . Pick Up 16 | 2 13 1 Fast Attach 8 | 7 . 1 Attach 2 | . 2 . Detach . | . . . Swap 4 | 1 3 . Drop 10 | . 5 5 Fire 44 | 6 36 2 Melee . | . . . Ram 5 | . . 5 Kick . | . . . Crush 5 | . . 5 Escape Stasis . | . . . Rewire . | . . . Trap . | . . . Miscellaneous . | . . . Route ------- -11/Scrapyard -10/Materials -10/Mines History --------- Turn | Location | Event 45 | -11/Scrapyard | Discovered new exit (range 15) 106 | -11/Scrapyard | Entered Materials 316 | -10/Materials | Build established: Mutant 606 | -10/Materials | Central database locked down 615 | -10/Materials | Discovered new exit (range 16) 660 | -10/Materials | Entered Mines 661 | -10/Mines | Assembled infested the area 666 | -10/Mines | Assisted by a Guerilla fighting off Assembled 680 | -10/Mines | Learned 2 Materials zone layouts 727 | -10/Mines | Core integrity fell below 50% 741 | -10/Mines | Core integrity fell below 20% 759 | -10/Mines | Destroyed by as-05754 with Assembled Heavy Rifle Last Messages --------------- 00717_ Slammed into as-59785. 00718_ Lgt. Ion Engine destroyed. 00719_ Slammed into as-59785. 00723_ EM Pulse Gun destroyed. 00727_ as-16571 destroyed. 00731_ Lgt. Treads destroyed. 00731_ System corrupted by crushing effect (+2). 00737_ Dropped EM Pulse Gun. 00738_ Dropped Lgt. Treads. 00738_ Dropped Lrg. Storage Unit. 00739_ Dropped Hcp. Storage Unit. 00739_ Lgt. Assault Rifle crushed and broken. 00741_ Acquired Lgt. Treads. 00743_ Dropped Lgt. Ion Engine. 00744_ Acquired Lrg. Storage Unit. 00754_ Slammed into as-67222. 00755_ Slammed into as-96954. 00756_ Slammed into as-24820. 00757_ Slammed into as-59785. 00758_ Slammed into as-05754. Map ----- +----------------------------------------------------+ | ??????????????????????????????????? ?????????????? | | ????????????????????????????????? ????????##### | | ????????????????????????????????? *#???????## # | | ????????????????????????????????? %%##??????# | | ????????????????????????????????? =%???????# | | ????????????????????????????????? =??????## | | ????????????????????????????????? % ?????## | | ????????????????????????????????? ??????# | | ????????????????????????????????? ?????## | | ????????????????????????????????? #?????# | | ????????????????????????????????? ##????# # # | | ????????????????????????????????## #????## # #^ | | ???????????????????????????????##*%=#?????## # | | ?????????????????????????####### #??????# ## | | ??????????????########???#[! #??????# ^ | | ??????????????# """ #???#!#### % ##??????## ### | | ??????????????# """ #???#[#??## % ##???????# #?? | | ??????????????# """ #???#=#???## ###?????# #?? | | ??????????????# #???#!#????# ##????# #?? | | ??????????????# #???#[#????## #????# #?? | | ??????????????# #???#*#?????## ###### #?? | | ??????????????# #???# #??????## #?? | | ??????????????#### ###???#|#???????## #?? | | ?????????????????# #?????# #????????############?? | | ?????????????????#g#######a#?????????????????????? | | ?????????????????# aaaa@a#?????????????????????? | | ?????????????????###########?????????????????????? | | ?????????????????????????????????????????????????? | | ?????????????????????????????????????????????????? | | | | | | | | | | | | | | | | | | | | | | | | | | | | | | | | | | | | | | | | | | | +----------------------------------------------------+ Best States ------------- Heat Dissipation 25 Energy Generation 10 Energy Capacity 125 Matter Stores 300 Matter Capacity 300 Sight Range 16 Terrain Scan Density 10 Evasion (%) 50 Recoil Reduction 2 Item Schematics ----------------- Hcp. Storage Unit | -10/Materials | Hacked Robot Schematics ------------------ None Fabricated ------------ Nothing Alien Tech Used ----------------- None Achievements -------------- None Challenges ------------ None Game ------ Seed CouplerFissionReconfigurator Manual? 0 Play Time 00:06:28 Cumulative 382.4 hours Start 2019.10.30 @ 18:25:39 End 2019.10.30 @ 18:31:43 Sessions 1 Manual Loads 0 Difficulty Rogue Special Mode None Game No. 678 Rogue 678 Adventurer 0 Explorer 0 Win Type - Total 28 Types 21/0/3/3/1/0/0 Lore% 93 Gallery% 90 Achievement% 79 Wizard Run 0 Options --------- ASCII 1 Keyboard 0 Movement Numpad Keybinds 0 Fullscreen 0 Font 14/SmallcapsGlow Map View 76x50 Tactical HUD 1 Map Filters NONE Filters NONE Steam 1 RUN: 7708c6dc-bbcb-4588-a649-015ad7c1b141